 Dungeon Crawl Stone Soup version 0.22-a0-157-g169b76a (webtiles) character file.

2489 KristoblXynda the Nimble (level 9, -4/44 HPs)
             Began as a Spriggan Berserker on Feb 8, 2018.
             Was an Elder of Trog.
             Killed from afar by Psyche (5 damage)
             ... with a puff of flame
             ... on level 8 of the Dungeon.
             The game lasted 00:14:13 (7305 turns).

KristoblXynda the Nimble (Spriggan Berserker)       Turns: 7305, Time: 00:14:14

Health: -4/44      AC:  7    Str: 17    XL:     9   Next: 27%
Magic:  15/15      EV: 25    Int: 12    God:    Trog [****..]
Gold:   488        SH:  0    Dex: 15    Spells: 8/8 levels left

rFire    . . .     SeeInvis +   j - -1 short sword (curse)
rCold    . . .     Gourm    .   (shield restricted)
rNeg     . . .     Faith    .   b - +1 animal skin
rPois    .         Spirit   .   h - +1 hat
rElec    .         Reflect  .   u - +2 cloak {+Inv}
rCorr    .         Harm     .   (gloves unavailable)
MR       +....                  (boots unavailable)
Stlth    +++++.....             (no amulet)
HPRegen  0.14/turn              s - ring of Sidozaunt {Str+4 SInv Stlth+}
MPRegen  0.14/turn              (no ring)

@: very quick
A: very small, unfitting armour, see invisible, herbivore, speed 3, slow
metabolism 2
a: Berserk, Trog's Hand, Brothers in Arms, Burn Spellbooks, Renounce Religion,
Evoke Invisibility


You were on level 8 of the Dungeon.
You worshipped Trog.
Trog was greatly pleased with you.
You were not hungry.

You visited 2 branches of the dungeon, and saw 9 of its levels.

You collected 488 gold pieces.

Inventory:

Hand Weapons
 d - a +0 dagger of venom
 j - a cursed -1 short sword (weapon)
 q - a +3 short sword of draining
Armour
 b - a +1 animal skin (worn)
 h - a +1 hat (worn)
 u - a +2 cloak of invisibility (worn)
Jewellery
 s - the ring of Sidozaunt (left hand) {Str+4 SInv Stlth+}
   (You found it on level 7 of the Dungeon)

   [ring of stealth]

   It affects your strength (+4).
   It lets you see invisible.
   It makes you more stealthy.
Scrolls
 m - 2 scrolls of enchant armour
 n - a scroll of immolation
Potions
 a - 2 potions of heal wounds
 e - a potion of brilliance {unknown}
 f - a potion of berserk rage {unknown}
 g - 3 potions of curing
 i - a potion of ambrosia {unknown}
 k - a potion of might
 l - 2 potions of lignification {unknown}
 o - a potion of invisibility {unknown}
 p - 2 potions of resistance
 r - 2 potions of flight {unknown}
 t - 2 potions of cancellation
 v - a potion of haste {unknown}
 w - 2 potions of agility {unknown}


   Skills:
 + Level 3.2 Fighting
 + Level 7.8 Short Blades
 + Level 10.1 Dodging
 + Level 9.8 Stealth
 + Level 6.8 Evocations


You had 8 spell levels left.
You didn't know any spells.

Dungeon Overview and Level Annotations

Branches:
Dungeon (8/15)             Temple (1/1) D:5
   Lair: D:8-11

Altars:
Ashenzari
Cheibriados
Elyvilon
Fedhas
Hepliaklqana
Makhleb
Nemelex Xobeh
Qazlal
Ru
Sif Muna
Trog
Uskayaw
Vehumet
Yredelemnul
Zin

Annotations:
D:7 KristoblXynda's ghost, novice DDGl
D:8 2 runed doors, Psyche


Innate Abilities, Weirdness & Mutations

You are very small and have problems with some larger weapons.
You are too small for most types of armour.
You have supernaturally acute eyesight. (SInv)
You are a herbivore.
You cover ground extremely quickly.
You need consume almost no food.


Message History

The orc wizard shouts!
The orc shouts!
You hit the orc.
The orc is severely wounded.
Psyche completely misses you.
Psyche laughs secretively.
Psyche closely misses you.
Psyche points at you and mumbles some strange words.
The magic dart hits you!
There is a stone staircase leading up here.
The hound misses you.
Psyche points at you and mumbles some strange words.
The puff of flame hits you!
* * * LOW HITPOINT WARNING * * *
The orc priest mumbles some strange prayers to Beogh against you.
Beogh smites you!
* * * LOW HITPOINT WARNING * * *
The hound completely misses you.
Psyche points at you and mumbles some strange words.
The puff of flame hits you!
You die...

..........#.............# #.#..
........................# #.#.###
#####...................###.#....
# ..............#.#####(........
# #..............#.#####.........
# #....(.....###.#.#.....).......
.........#...#.#.#.............
.............(........>.....
#.........@#.#............. #.
#........h.oo..............
#!#.........@...o...####.#.##
#..).........o......# #...#
###.........####.#...%#####..#
.....##.#### #.#...........#
####..#.##(# #.# ##.######.##
......#.##@# #.. # #..#
......#.##.# ### ##.#


You could see Psyche, a hound, an orc priest, an orc wizard and 2 orcs.

Vanquished Creatures
  A two-headed ogre (D:8)
  A hippogriff (D:7)
  Eustachio (D:4)
  2 hungry ghosts
  2 phantoms
  2 ogres
  A centaur (D:5)
  A big kobold (D:7)
  A bullfrog (D:7)
  3 howler monkeys
  2 crimson imps (D:7)
  An orc priest (D:5)
  A bullfrog skeleton (D:5)
  4 hounds
  A centaur skeleton (D:6)
  2 worker ants
  10 gnolls
  A howler monkey skeleton (D:6)
  7 adders
  3 shadow imps (D:5)
  An ooze (D:3)
  4 worms (D:2)
  2 leopard geckos
  9 orcs
  2 giant cockroaches
  6 goblins
  5 hobgoblins
  7 jackals
  4 quokkas
  A ball python (D:3)
  A ball python skeleton (D:6)
  8 bats
  4 frilled lizards
  2 giant cockroach zombies (D:5)
  6 kobolds
  A quokka skeleton (D:7)
  A quokka zombie (D:6)
  9 rats
  A butterfly (D:5)
121 creatures vanquished.

Vanquished Creatures (others)
  5 toadstools (D:1)
5 creatures vanquished.

Grand Total: 126 creatures vanquished

Notes
Turn   | Place    | Note
-------+----------+-------------------------------------------
     0 | D:1      | KristoblXynda the Spriggan Berserker began the quest for the Orb.
     0 | D:1      | Reached XP level 1. HP: 11/11 MP: 2/2
   155 | D:1      | Reached skill level 1 in Stealth
   372 | D:1      | Reached XP level 2. HP: 10/16 MP: 3/3
   663 | D:2      | Reached ** piety under Trog
   663 | D:2      | Reached skill level 5 in Dodging
   674 | D:2      | Found a faded altar of an unknown god.
   903 | D:2      | Reached XP level 3. HP: 15/19 MP: 4/4
  1450 | D:2      | Found a glowing silver altar of Zin.
  1818 | D:3      | Reached XP level 4. HP: 18/23 MP: 5/5
  2210 | D:3      | Found a stormy altar of Qazlal.
  2981 | D:4      | Noticed an ogre
  2994 | D:4      | Killed an ogre
  2994 | D:4      | Reached skill level 6 in Dodging
  2994 | D:4      | Reached XP level 5. HP: 27/27 MP: 6/6
  3011 | D:4      | Reached skill level 5 in Short Blades
  3011 | D:4      | Reached skill level 5 in Stealth
  3046 | D:4      | Noticed a phantom
  3105 | D:4      | Found a burning altar of Makhleb.
  3334 | D:4      | Noticed a phantom
  3338 | D:4      | Noticed Eustachio
  3382 | D:4      | Killed Eustachio
  3382 | D:4      | Reached skill level 7 in Dodging
  3382 | D:4      | Reached skill level 1 in Evocations
  3382 | D:4      | Reached XP level 6. HP: 30/32 MP: 6/8
  3751 | D:5      | Entered Level 5 of the Dungeon
  4134 | D:5      | Reached *** piety under Trog
  4134 | D:5      | Reached XP level 7. HP: 35/35 MP: 9/9
  4242 | D:5      | Found a sacrificial altar of Ru.
  4578 | D:5      | Found a staircase to the Ecumenical Temple.
  4788 | Temple   | Entered the Ecumenical Temple
  5219 | D:5      | Reached skill level 8 in Dodging
  5753 | D:6      | Noticed a hungry ghost
  5782 | D:6      | Killed a hungry ghost
  5782 | D:6      | Reached XP level 8. HP: 32/39 MP: 12/12
  6236 | D:7      | Noticed a hippogriff
  6263 | D:7      | Killed a hippogriff
  6263 | D:7      | Reached skill level 5 in Evocations
  6281 | D:7      | Reached skill level 9 in Dodging
  6573 | D:7      | Noticed KristoblXynda's ghost (novice DDGl)
  6846 | D:7      | Got a sparkling iron ring
  6859 | D:7      | Identified the ring of Sidozaunt {Str+4 SInv Stlth+} (You found it on level 7 of the Dungeon)
  7101 | D:8      | Noticed a two-headed ogre
  7111 | D:8      | Killed a two-headed ogre
  7111 | D:8      | Reached skill level 10 in Dodging
  7111 | D:8      | Reached XP level 9. HP: 44/44 MP: 13/15
  7171 | D:8      | Reached **** piety under Trog
  7239 | D:8      | Found a runed door.
  7271 | D:8      | Found a runed door.
  7283 | D:8      | Noticed Psyche
  7305 | D:8      | HP: 1/44 [orc priest/divine providence (12)]
  7305 | D:8      | Killed from afar by Psyche

Vault maps used:
D:1:      ldierk_walled_garden, st_stairs_3
D:2:      zin_treasury, chequers_ecumenical_altar_twisty
D:3:      nicolae_overflow_hidden_temple
D:4:      bloody_makhleb, uniq_eustachio
D:5:      old_standard_altar, minmay_temple_entry_butterflies, first_ration
D:7:      kennysheep_mini, chequers_temple_overflow_minitemple, serial_shops,
          nicolae_shop_window_shopping
D:8:      cheibrodos_histonic, kennysheep_little_box, serial_shops, shop,
          uniq_psyche
Temple:   minmay_temple_curvy_loop

Skill      XL: |  1  2  3  4  5  6  7  8 |
---------------+-------------------------+-----
Stealth        | 1 2 3 4 5 6 7 9 |  9.8
Dodging        | 5 6 7 8 10 | 10.1
Short Blades   | 4 5 6 7 |  7.8
Evocations     | 1 2 4 6 |  6.8
Fighting       | 3 |  3.2

Action                   |  1- 3 |  4- 6 |  7- 9 || total
-------------------------+-------+-------+-------++-------
Melee: Short sword       |   155 |   202 |   398 ||   755
       Dagger            |    40 |       |       ||    40
Invok: Berserk           |     4 |     5 |     9 ||    18
       Trog's Hand       |       |     1 |     1 ||     2
Evoke: Wand              |       |     4 |     1 ||     5
  Use: Scroll            |     6 |     3 |     7 ||    16
       Potion            |     1 |       |       ||     1
 Stab: Sleeping          |     5 |     9 |    18 ||    32
  Eat: Ration            |     1 |     4 |     8 ||    13
Armor: Animal skin       |    16 |    10 |    26 ||    52
Dodge: Dodged            |   187 |   185 |   290 ||   662

Table legend:
 A = Spawn XP
 B = Non-spawn XP
 C = Spawn XP percentage of total XP
 D = Spawn monster count
 E = Non-spawn monster count
 F = Spawn count percentage of total count
 G = Total turns spent on level
                    A         B        C        D         E        F      G
               +---------+---------+-------+---------+---------+-------+---------
         Total |       0 |    3557 |   0.0 |       0 |     120 |   0.0 |  7305
               +---------+---------+-------+---------+---------+-------+---------
           D:1 |       0 |      25 |   0.0 |       0 |      17 |   0.0 |   608
           D:2 |       0 |      47 |   0.0 |       0 |      13 |   0.0 |   920
           D:3 |       0 |     115 |   0.0 |       0 |      28 |   0.0 |  1453
           D:4 |       0 |     518 |   0.0 |       0 |       8 |   0.0 |   770
           D:5 |       0 |     620 |   0.0 |       0 |      19 |   0.0 |  1611
           D:6 |       0 |     374 |   0.0 |       0 |      11 |   0.0 |   803
           D:7 |       0 |     910 |   0.0 |       0 |      19 |   0.0 |   574
           D:8 |       0 |     948 |   0.0 |       0 |       5 |   0.0 |   354
               +---------+---------+-------+---------+---------+-------+---------
